 Dungeon Crawl Stone Soup version 0.17-a0-1011-gfa70bdd (webtiles) character file.

86 halfnothing the Chopper (level 4, 0/40 HPs)
             Began as a Deep Dwarf Berserker on May 13, 2015.
             Was a Follower of Trog.
             Slain by a gnoll (4 damage)
             ... on level 2 of the Dungeon.
             The game lasted 00:07:01 (939 turns).

halfnothing the Chopper (Deep Dwarf Berserker)       Turns: 939, Time: 00:07:02

Health: 0/40       AC:  5    Str: 22    XL:     4   Next: 26%
Magic:  4/4        EV: 11    Int:  7    God:    Trog [*.....]
Gold:   74         SH:  0    Dex: 12    Spells: 0 memorised, 3 levels left

rFire  . . .     SeeInvis .     a - +0 hand axe
rCold  . . .     Clarity  .     h - +0 ring mail
rNeg   . . .     SustAb   .     (no shield)
rPois  .         Gourm    .     (no helmet)
rElec  .         Spirit   .     (no cloak)
rCorr  .         Warding  .     (no gloves)
rMut   .         Stasis   .     (no boots)
MR     .....                    (no amulet)
Stlth  +.........               (no ring)
                                (no ring)

@: non-regenerating, not resistant to hostile enchantments, very unstealthy
A: damage resistance, recharge devices, sense surroundings 1, slow healing 3
a: Device Recharging, Burn Spellbooks, Berserk, Renounce Religion


You were on level 2 of the Dungeon.
You worshipped Trog.
Trog was aware of your devotion.
You were hungry.

You visited 1 branch of the dungeon, and saw 2 of its levels.

You collected 74 gold pieces.

Inventory:

Hand weapons
 a - a +0 hand axe (weapon)
Armour
 b - a +0 animal skin
 h - a +0 ring mail (worn)
Magical devices
 c - a wand of heal wounds (5)
 j - a wand of enslavement (7)
Scrolls
 e - 2 scrolls of identify {unknown}
Potions
 i - a potion of magic {unknown}
Comestibles
 d - 3 bread rations
 f - a slice of pizza
 g - a beef jerky


   Skills:
 - Level 2.6 Fighting
 + Level 5.6 Axes
 - Level 2.1 Armour
 - Level 2.1 Dodging


You had 3 spell levels left.
You didn't know any spells.

Dungeon Overview and Level Annotations

Branches:
Dungeon (2/15)

Altars:


Innate Abilities, Weirdness & Mutations

You are resistant to damage.
You can recharge devices by infusing magical energy.
You passively map a small area around you.
You do not heal naturally.


Message History

The gnoll is moderately wounded.
The gnoll barely misses you. The gnoll hits you but does no damage.
You closely miss the gnoll.
The gnoll is heavily wounded.
You barely miss the gnoll.
The gnoll is lightly wounded.
The gnoll hits you.
* * * LOW HITPOINT WARNING * * *
The gnoll closely misses you.
You hit the gnoll.
The gnoll is heavily wounded.
You closely miss the gnoll.
The gnoll is lightly wounded.
The gnoll barely misses you.
You hit the gnoll but do no damage.
The gnoll is heavily wounded.
You hit the gnoll.
The gnoll is heavily wounded.
The gnoll misses you. The gnoll hits you.
You die...

#.# *, ########.##.##
.#
#............#**#.#
#.##....[##..# ... ,
#.##.######..##.#.#
** * *
#.##.##.........#.# ,
#.##.##.###..####.# *
#.##.#...##.g####.# ,
#...........@g....# *
####.#...########.#
#.##.## ##.# * #.##.#
#.g# , #.##.# #.## ,
#.##.# ##g## * *
#.##<### #(..######
#......# #.........
#......#####...######


You could see 2 gnolls.

Vanquished Creatures
  Jessica (D:2)
  A gnoll (D:2)
  An adder (D:2)
  3 oozes (D:1)
  3 giant cockroaches (D:1)
  2 goblins (D:1)
  4 hobgoblins (D:1)
  2 ball pythons (D:1)
  4 bats
  2 giant newts (D:1)
  2 kobolds (D:1)
  5 rats (D:1)
30 creatures vanquished.

Notes
Turn   | Place    | Note
--------------------------------------------------------------
     0 | D:1      | halfnothing the Deep Dwarf Berserker began the quest for the Orb.
     0 | D:1      | Reached XP level 1. HP: 20/20 MP: 1/1
   214 | D:1      | Reached skill level 4 in Axes
   214 | D:1      | Reached XP level 2. HP: 22/27 MP: 2/2
   431 | D:1      | Acquired Trog's second power
   672 | D:1      | Reached XP level 3. HP: 26/33 MP: 3/3
   798 | D:2      | Noticed Jessica
   812 | D:2      | Killed Jessica
   812 | D:2      | Reached skill level 5 in Axes
   877 | D:2      | Reached XP level 4. HP: 37/40 MP: 4/4
   939 | D:2      | Slain by a gnoll

Vault maps used:
D:1:      onia_arrival_handbag
D:2:      zin_angel, uniq_terence, uniq_jessica, uniq_sigmund

Action                   |  1- 3 |  4- 6 || total
-------------------------+-------+-------++-------
Melee: Hand axe          |   101 |    16 ||   117
Invok: Trog's Hand       |     2 |     2 ||     4
 Stab: Sleeping          |     1 |       ||     1
